Map: Queda Cerúlea LE

Players

pendex

  • Race: Terran Terran
  • Spawn Location: 1:00

Vicster - Winner!

  • Race: Terran Terran
  • League: Gold
  • Spawn Location: 7:00

VOD

Have the link to the VOD?

Description

Time

  • Played on: Jan. 8, 2019, 2:56 p.m.
  • Length: 27:13
Show
View Real Time Build Order
Export as new Build Order

pendex Terran 

Build Orders: 1/1/1 

Get SALT Encoding   

  12  0:01  SCV  
  13  0:13  SCV  
  14  0:22  Supply Depot  
  14  0:25  SCV  
  15  0:31  Refinery  
  15  0:44  SCV  
  15  0:47  Barracks  
  16  0:56  SCV  
  17  1:08  SCV  
  17  1:10  Supply Depot  
  18  1:20  SCV  
  19  1:32  SCV  
  20  1:38  Factory  
  20  1:42  Barracks  
  20  1:44  Marine  
  21  1:50  SCV  
  22  2:02  Marine, Orbital Command  
  23  2:20  Marine  
  23  2:22  Factory Tech Lab  
  24  2:29  Starport  
  24  2:38  Supply Depot  
  24  2:41  Barracks Reactor  
  24  2:47  Marine  
  24  2:50  SCV  
  26  2:55  Refinery  
  26  3:03  Engineering Bay  
  26  3:05  Marine  
  27  3:21  Supply Depot  
  27  3:24  Marine x2  
  27  3:26  Siege Tank  
  32  3:31  Barracks Tech Lab  
  32  3:35  SCV  
  33  3:53  Barracks  
  33  3:58  Siege Tank  
  36  4:05  Marine x2  
  38  4:12  Command Center  
  38  4:19  Marauder  
  38  4:23  Marine x2  
  42  4:27  Starport Reactor  
  42  4:30  SCV  
  43  4:41  Marauder  
  45  4:52  Siege Tank  
  45  5:05  Medivac  
  47  5:16  Supply Depot  
  47  5:24  Marine x3, Supply Depot  
  47  5:26  Supply Depot  
  50  5:39  SCV  
  50  5:42  Supply Depot  
  51  5:45  Marine  
  51  5:46  Marine, Marauder  
  55  5:51  SCV  
  55  5:56  Medivac  
  58  5:59  SCV  
  58  6:03  SCV  
  60  6:06  Supply Depot  
  60  6:11  SCV  
  60  6:15  SCV  
  62  6:21  Refinery  
  62  6:23  SCV  
  62  6:24  Siege Tank  
  66  6:27  SCV  
  66  6:28  Marine, Marauder  
  66  6:29  Marine  
  71  6:35  SCV  
  71  6:39  SCV  
  73  6:44  Marine  
  73  6:46  Refinery  
  74  6:48  SCV  
  74  6:49  Marauder  
  74  6:50  Medivac  
  74  6:52  SCV  
  80  6:56  Factory  
  80  6:59  Terran Infantry Weapons Level 1  
  80  7:00  SCV  
  81  7:12  SCV  
  82  7:28  Marine x3  
  82  7:29  Marauder  
  87  7:34  SCV  
  88  7:37  SCV  
  89  7:46  Marine x3, SCV  
  89  7:49  SCV  
  89  7:50  Marauder, Supply Depot  
  96  7:58  SCV  
  96  8:00  Factory Tech Lab  
  96  8:01  SCV  
  96  8:03  Armory  
  96  8:04  Marine x2  
  101  8:10  Combat Shield, SCV  
  101  8:12  Marauder  
  104  8:14  Barracks Tech Lab  
  104  8:16  Medivac x2  
  107  8:21  Marine  
  107  8:22  Marine  
  109  8:29  Supply Depot  
  109  8:39  Marine  
  110  8:50  Siege Tank x2  
  110  8:51  Marauder  
  118  9:03  Orbital Command  
  118  9:07  Engineering Bay  
  118  9:11  Terran Infantry Weapons Level 2  
  118  9:17  Stimpack  
  118  9:21  Terran Vehicle And Ship Armor Level 1  
  118  9:32  Supply Depot  
  118  9:34  Armory  
  118  9:52  Command Center  
  118  9:53  Marine x2  
  118  9:54  Marauder x2  
  124  10:05  Missile Turret  
  124  10:08  Refinery  
  124  10:10  Supply Depot  
  124  10:11  Marine x2, Refinery  
  126  10:30  Missile Turret  
  126  10:32  Marauder x2, SCV  
  131  10:39  Missile Turret  
  128  10:51  Missile Turret  
  128  10:54  Marauder  
  130  10:59  Missile Turret  
  130  11:05  Supply Depot  
  130  11:15  Marine x2  
  130  11:16  Marauder  
  134  11:21  Terran Infantry Armor Level 1  
  134  11:23  Terran Vehicle Weapons Level 1, Terran Vehicle And Ship Armor Level 2  
  134  11:27  Marauder  
  134  11:28  Missile Turret, Supply Depot  
  136  11:33  Marine x2  
  136  11:37  Marauder  
  140  11:48  Missile Turret  
  140  11:49  Marauder  
  140  11:51  Marine x2  
  140  11:53  Concussive Shells  
  144  11:59  Marauder  
  144  12:01  Terran Infantry Weapons Level 3  
  146  12:09  Supply Depot  
  146  12:10  Marauder  
  146  12:11  Supply Depot  
  58  12:47  Marine x2  
  58  12:48  Marauder x2  
  64  12:54  Siege Tank x2  
  64  12:56  Medivac  
  64  12:57  Medivac  
  74  13:05  Marine x2  
  75  13:09  Marauder x2  
  80  13:18  Terran Infantry Armor Level 2  
  80  13:23  Marine  
  80  13:26  Siege Tank x2  
  87  13:30  Marauder  
  89  13:45  Refinery  
  89  13:52  Orbital Command  
  89  13:53  Marine  
  89  13:54  Marine, Marauder x2  
  95  14:11  Marine  
  95  14:12  Marine  
  95  14:13  Refinery  
  95  14:15  Marauder  
  95  14:16  Marauder  
  101  14:29  Marine x2  
  103  14:37  Marauder x2  
  107  14:43  Missile Turret  
  107  14:47  Marine x2  
  109  14:58  Marine, Marauder  
  112  15:05  Marine x2  
  114  15:16  Marauder  
  114  15:17  Bunker  
  114  15:20  Marauder  
  118  15:23  Marine x2  
  120  15:37  Marauder  
  120  15:40  Marine  
  120  15:41  Marine, Marauder  
  65  15:58  Marine x2  
  65  15:59  Marauder  
  65  16:03  Marauder  
  59  16:09  Orbital Command  
  54  16:20  Marauder  
  54  16:31  Refinery  
  50  16:37  Refinery  
  48  16:48  Factory  
  45  16:54  Factory  
  45  17:03  Factory  
  11  17:51  Command Center  
  4  19:15  Supply Depot  
  4  19:18  SCV  
  5  19:30  SCV  
  3  20:30  Command Center  
  2  21:51  Command Center  
Show
View Real Time Build Order
Export as new Build Order

Vicster Terran - Winner!

Build Orders: Mech 

Get SALT Encoding   

  12  0:00  SCV  
  13  0:17  Supply Depot  
  13  0:19  SCV  
  14  0:31  SCV  
  15  0:43  SCV  
  15  0:45  Barracks  
  16  0:55  SCV  
  17  1:02  Refinery  
  17  1:07  SCV  
  18  1:19  SCV  
  19  1:31  SCV  
  20  1:41  Command Center  
  20  1:43  Orbital Command  
  20  1:46  Marine  
  21  2:11  Factory  
  21  2:13  SCV  
  22  2:19  Supply Depot  
  22  2:25  SCV  
  22  2:27  Barracks Tech Lab  
  23  2:41  SCV  
  24  2:47  Refinery  
  24  3:04  SCV  
  25  3:06  Command Center, Siege Tank  
  25  3:08  Orbital Command  
  28  3:19  Bunker  
  28  3:23  SCV  
  29  3:35  SCV  
  29  3:36  SCV  
  29  3:39  Siege Tank  
  34  3:44  Engineering Bay  
  34  3:47  SCV  
  35  3:56  Supply Depot  
  35  3:59  SCV  
  35  4:00  SCV  
  37  4:11  SCV, Siege Tank  
  37  4:12  SCV  
  37  4:13  Missile Turret  
  37  4:14  Missile Turret  
  42  4:20  Orbital Command  
  42  4:23  SCV  
  42  4:24  SCV  
  44  4:30  Supply Depot  
  44  4:36  SCV  
  44  4:37  SCV  
  46  4:40  Refinery  
  46  4:42  Refinery  
  46  4:48  SCV  
  46  4:49  SCV  
  46  4:51  SCV  
  49  4:53  Armory, Siege Tank  
  52  5:00  SCV  
  52  5:01  Missile Turret  
  52  5:02  SCV  
  54  5:12  SCV x2  
  56  5:14  SCV  
  57  5:22  Missile Turret  
  57  5:24  SCV  
  57  5:25  SCV  
  57  5:27  SCV, Supply Depot  
  60  5:42  Orbital Command  
  60  5:44  Factory x2, Thor  
  60  5:49  Terran Vehicle Weapons Level 1  
  66  5:51  Engineering Bay  
  66  5:55  Armory  
  66  5:56  SCV  
  68  5:57  SCV  
  68  6:06  Supply Depot  
  68  6:08  SCV  
  68  6:09  SCV x2  
  71  6:20  SCV  
  71  6:21  SCV x2  
  74  6:25  Refinery  
  74  6:27  Factory Reactor, Thor  
  74  6:28  Factory Reactor  
  74  6:30  Refinery  
  74  6:32  SCV  
  81  6:48  Supply Depot  
  81  6:58  Terran Vehicle And Ship Armor Level 1  
  81  7:07  Hellbat x3  
  87  7:10  Thor, SCV  
  87  7:13  Supply Depot  
  94  7:15  Supply Depot  
  94  7:30  Command Center  
  94  7:41  Factory x2  
  94  7:45  Factory  
  94  7:46  Supply Depot  
  94  7:47  Factory  
  94  7:48  Supply Depot  
  94  7:49  Terran Vehicle Weapons Level 2  
  94  7:53  SCV x3  
  97  8:05  SCV x3  
  100  8:14  Hellbat x3, Hellion  
  100  8:15  Thor  
  100  8:17  SCV x3  
  117  8:26  Factory Tech Lab x2  
  117  8:29  Factory Tech Lab, SCV  
  117  8:31  Factory Tech Lab  
  118  8:36  SCV x2  
  120  8:41  SCV  
  120  8:42  Refinery  
  120  8:43  Orbital Command  
  120  8:45  Refinery  
  121  8:48  SCV x2  
  121  8:49  Hellion x4  
  121  8:50  Hellion x2  
  121  8:51  Command Center, Hellion x2  
  121  8:53  SCV  
  140  8:59  Hellion  
  142  9:10  Thor  
  148  9:27  Supply Depot  
  148  9:29  Terran Vehicle And Ship Armor Level 2  
  148  9:43  Command Center  
  148  9:44  Hellion  
  148  9:48  Thor, SCV x2  
  148  9:49  Supply Depot  
  156  10:01  Hellion x6  
  156  10:02  Thor x2  
  156  10:03  SCV x3  
  171  10:10  Thor  
  171  10:11  SCV  
  171  10:14  Supply Depot  
  178  10:15  SCV  
  179  10:30  Orbital Command  
  179  10:35  Refinery, Thor  
  187  10:36  Hellbat  
  187  10:38  Supply Depot  
  187  10:54  Thor  
  187  10:55  Hellbat x2, SCV x2  
  199  10:58  Refinery  
  199  11:00  Supply Depot  
  199  11:20  Factory  
  199  11:21  Factory x2  
  199  11:26  Factory x2  
  199  11:27  Factory  
  199  11:34  Hellbat  
  195  11:43  Thor  
  197  12:13  Thor  
  197  12:15  Thor  
  177  12:26  Thor  
  107  12:56  Thor  
  113  13:00  Command Center  
  113  13:09  Command Center  
  113  13:15  Command Center, Thor  
  113  13:16  Thor x3  
  113  13:18  Hellbat, Hellion  
  113  13:19  Command Center, Hellbat x2  
  145  13:20  Command Center  
  145  13:23  Factory Tech Lab x3  
  145  13:24  Factory Tech Lab x3, Command Center  
  145  13:29  Command Center  
  145  13:38  Thor  
  145  13:39  Hellbat x2  
  155  13:43  Terran Vehicle Weapons Level 3, Terran Vehicle And Ship Armor Level 3  
  155  13:47  Orbital Command  
  155  13:51  Thor x3  
  155  13:52  Thor  
  155  13:54  Hellbat x3  
  155  13:55  Hellbat  
  187  13:58  Thor x2  
  199  14:22  Refinery  
  199  14:30  Planetary Fortress  
  199  14:31  Planetary Fortress, Refinery  
  199  14:33  Planetary Fortress, Refinery  
  199  14:34  Refinery  
  199  14:35  Planetary Fortress  
  199  14:40  Planetary Fortress  
  199  14:42  Planetary Fortress  
  199  14:44  Planetary Fortress  
  199  14:48  Refinery  
  199  14:52  Refinery  
  199  15:08  Orbital Command  
  191  15:41  Thor  
  191  15:42  Thor x2  
  161  15:58  Thor  
  161  15:59  Thor x5  
  197  16:22  Refinery  
  197  16:28  Refinery  
  189  18:08  Refinery  
  189  18:38  Command Center  
  189  18:39  Refinery  
  189  18:41  Refinery  
  189  19:14  Refinery  
  189  19:19  Refinery  
  189  19:23  Command Center  
  189  19:24  Command Center  
  189  19:42  Command Center  
  189  20:21  Refinery  
  189  20:25  Refinery  
  189  20:33  Refinery  
  189  20:57  Refinery  
  189  20:58  Refinery  
  189  21:02  Command Center  
  189  21:43  Refinery  
  189  21:59  Starport  
  189  22:03  Starport  
  189  22:07  Starport  
  189  22:08  Starport  
  189  22:16  Orbital Command  
  189  22:29  Command Center  
  189  22:39  Refinery  
  189  23:06  Refinery  
  189  23:08  Command Center  
  189  23:14  Viking x3  
  189  23:15  Viking  
  197  23:29  Refinery  
  197  23:30  Refinery  
  197  23:40  Orbital Command  
  197  23:44  Viking  
  197  23:45  Refinery  
Tags
 
Composition
Mech
League
Gold
Matchup
TvT
Opening
1/1/1
Race
Terran
Replay Pack
Vicster replay
Spawn Locations
Cross Positions
Add a new tag
Caveats
  • Supply blocks, unpowered buildings, or Contaminate may cause inaccurate times.
  • Supply counts are checked every 10 seconds.